Map: 亚历山大港 - 天梯版

Players

RAIL - Winner!

  • Race: Protoss Protoss

Time (Oliveira)

  • Race: Terran Terran

Event: WESG 2018 Grand Finals

VOD

https://youtu.be/KuO6wY39hT4?t=636

Description

Time

  • Played on: March 12, 2019, 5:42 a.m.
  • Length: 9:29

All games in this series

Show
View Real Time Build Order
Export as new Build Order

RAIL Protoss - Winner!

Build Orders: 1 Gate Expand, Phoenix Opening, Colossus Rush 

Get SALT Encoding   

  12  0:00  Probe  
  13  0:12  Probe  
  14  0:18  Pylon  
  14  0:24  Probe  
  15  0:32  Probe  
  15  0:39  Gateway  
  15  0:40  Probe  
  16  0:49  Assimilator  
  17  0:51  Probe  
  18  1:03  Probe  
  19  1:15  Probe  
  20  1:27  Nexus  
  20  1:36  Cybernetics Core  
  20  1:39  Probe  
  21  1:44  Assimilator  
  21  1:51  Probe  
  21  1:53  Pylon  
  22  2:02  Adept  
  22  2:03  Probe  
  23  2:15  Probe  
  26  2:16  Stargate  
  26  2:26  Shield Battery  
  26  2:28  Probe  
  27  2:34  Adept  
  27  2:35  Probe, Warp Gate  
  27  2:37  Probe  
  29  2:44  Probe  
  31  2:45  Probe  
  33  2:53  Probe  
  33  2:54  Probe, Phoenix  
  35  3:05  Adept, Probe  
  38  3:09  Probe  
  41  3:14  Pylon  
  41  3:15  Phoenix  
  43  3:23  Probe x2  
  45  3:32  Phoenix  
  45  3:35  Probe  
  45  3:36  Probe  
  49  3:43  Gateway  
  49  3:48  Probe  
  50  3:49  Probe  
  50  3:50  Pylon  
  50  3:55  Phoenix  
  51  4:00  Probe  
  51  4:01  Probe  
  54  4:04  Assimilator  
  54  4:08  Robotics Facility  
  54  4:12  Pylon, Probe  
  54  4:13  Probe  
  56  4:17  Assimilator  
  56  4:19  Phoenix  
  57  4:24  Probe  
  57  4:29  Probe  
  60  4:31  Pylon  
  60  4:34  Zealot  
  60  4:36  Probe  
  63  4:41  Zealot, Phoenix  
  63  4:44  Probe  
  68  4:49  Pylon  
  68  4:57  Observer  
  69  5:02  Nexus  
  69  5:06  Robotics Bay  
  69  5:14  Observer  
  67  5:25  Probe  
  67  5:27  Probe  
  66  5:35  Observer  
  66  5:37  Probe  
  66  5:39  Probe  
  69  5:47  Forge  
  69  5:48  Forge  
  69  5:49  Probe  
  70  5:51  Probe  
  70  5:52  Twilight Council  
  70  5:55  Colossus  
  77  5:57  Extended Thermal Lance  
  77  6:01  Probe, Protoss Ground Armor Level 1  
  77  6:03  Probe  
  79  6:08  Pylon  
  79  6:10  Protoss Ground Weapons Level 1, Probe  
  79  6:11  Probe  
  79  6:12  Probe  
  81  6:19  Probe  
  81  6:22  Probe  
  81  6:23  Probe  
  81  6:28  Probe  
  81  6:30  Blink  
  84  6:39  Gateway x2  
  84  6:40  Zealot x2  
  84  6:42  Probe  
  84  6:43  Probe  
  90  6:57  Colossus  
  96  7:04  Probe x2, Gateway  
  96  7:05  Probe  
  96  7:06  Sentry, Zealot  
  96  7:07  Gateway  
  103  7:11  Pylon  
  103  7:13  Pylon x2  
  103  7:18  Probe  
  103  7:20  Probe  
  105  7:23  Pylon  
  105  7:27  Gateway  
  105  7:29  Sentry, Gateway  
  107  7:31  Stalker  
  107  7:36  Pylon  
  109  7:41  Colossus  
  109  7:42  Stalker, Zealot  
  111  7:53  Stalker  
  111  7:58  Stalker, Zealot  
  123  8:04  Stalker, Zealot  
  123  8:05  Zealot  
  129  8:25  Stalker, Zealot x2  
  129  8:26  Zealot x2  
  123  8:30  Warp Prism  
  123  8:33  Zealot x3  
  125  8:48  Stalker, Zealot x4  
  133  8:54  Stalker x2  
  139  8:56  Stalker  
  135  9:14  Stalker x3  
  135  9:15  Stalker  
Show
View Real Time Build Order
Export as new Build Order

Time Terran 

Build Orders: Reaper Expand, Banshee Rush 

Get SALT Encoding   

  12  0:00  SCV  
  13  0:13  SCV  
  14  0:18  Supply Depot  
  14  0:25  SCV  
  15  0:40  SCV  
  15  0:41  Barracks  
  16  0:45  Refinery  
  16  0:52  SCV  
  18  1:04  SCV  
  18  1:16  SCV  
  19  1:29  Reaper, Orbital Command  
  20  1:43  Command Center  
  20  1:52  Supply Depot  
  20  1:54  SCV  
  20  2:01  Marine  
  22  2:07  SCV  
  23  2:12  Factory  
  23  2:18  Refinery  
  23  2:19  SCV  
  23  2:22  Marine  
  25  2:30  Bunker  
  25  2:33  SCV  
  26  2:41  Barracks Reactor  
  26  2:45  SCV  
  27  2:56  Widow Mine  
  27  2:57  Orbital Command, SCV  
  30  3:04  Starport  
  30  3:09  SCV  
  31  3:17  Factory Tech Lab  
  31  3:20  Marine x2  
  31  3:22  SCV  
  31  3:24  SCV  
  35  3:34  SCV  
  36  3:36  SCV  
  36  3:38  Marine x2  
  39  3:44  Factory Tech Lab  
  39  3:46  Banshee, Cloaking Field, SCV  
  39  3:47  Supply Depot  
  43  3:49  SCV  
  44  3:56  Marine  
  44  3:57  Marine  
  44  4:00  SCV  
  44  4:01  Supply Depot  
  46  4:08  Siege Tank, SCV  
  50  4:12  SCV  
  50  4:14  Marine  
  50  4:15  Marine  
  50  4:16  Supply Depot  
  53  4:21  SCV  
  54  4:24  SCV  
  54  4:29  Banshee  
  58  4:31  Marine  
  58  4:33  Marine  
  58  4:34  SCV  
  61  4:43  Command Center  
  61  4:47  Siege Tank  
  61  4:49  Marine  
  61  4:50  Marine  
  66  4:54  SCV  
  66  4:57  SCV  
  68  5:00  Refinery  
  68  5:01  Supply Depot  
  68  5:02  Refinery  
  68  5:06  SCV  
  69  5:07  Marine  
  70  5:15  Barracks  
  70  5:16  Barracks  
  70  5:17  SCV  
  70  5:22  SCV  
  70  5:24  Raven  
  70  5:29  SCV  
  70  5:35  SCV  
  73  5:41  Engineering Bay x2, SCV  
  73  5:43  Factory Reactor  
  73  5:45  Barracks x2  
  73  5:47  SCV  
  74  5:51  Marine, Supply Depot  
  74  5:52  Stimpack  
  74  5:53  SCV  
  76  5:59  SCV  
  77  6:05  SCV  
  77  6:07  Terran Infantry Weapons Level 1, Terran Infantry Armor Level 1  
  78  6:13  Marine, SCV  
  78  6:16  Starport Reactor  
  78  6:17  SCV, Supply Depot  
  83  6:18  Marauder  
  83  6:20  Widow Mine x2  
  83  6:21  Marine  
  83  6:22  Marine  
  86  6:25  Combat Shield  
  86  6:35  Marauder, Missile Turret x2, SCV  
  86  6:36  Barracks Reactor, Barracks Tech Lab  
  86  6:38  Orbital Command  
  89  6:40  Marine  
  89  6:45  Widow Mine x2  
  94  6:47  Marauder  
  94  6:50  SCV  
  94  6:52  SCV  
  59  6:54  Medivac  
  89  6:57  Marine  
  89  7:00  Medivac, Orbital Command  
  92  7:02  SCV  
  92  7:03  Marine  
  92  7:06  SCV  
  92  7:08  Marauder  
  97  7:09  Marine  
  97  7:14  Supply Depot  
  100  7:15  Marauder, Marine  
  100  7:16  Marine  
  100  7:18  SCV  
  100  7:19  SCV  
  100  7:20  Concussive Shells  
  100  7:21  Marine  
  105  7:26  Medivac  
  105  7:27  Widow Mine  
  109  7:35  Marine x2  
  109  7:36  Medivac, Widow Mine, SCV x2  
  117  7:41  Marine x2  
  117  7:48  Supply Depot  
  117  7:49  Supply Depot  
  117  8:09  Marine x2  
  117  8:10  Marauder x2, SCV x2  
  117  8:11  Marauder, SCV  
  117  8:12  Supply Depot  
  130  8:13  Supply Depot  
  124  8:21  Starport  
  124  8:22  SCV x2  
  124  8:23  Marine x2, SCV  
  105  8:30  Viking x2  
  105  8:31  Marauder  
  105  8:34  Marauder, SCV x2  
  112  8:37  Marine  
  112  8:38  Marauder, Marine  
  112  8:41  Marine x2, SCV  
  109  8:46  SCV  
  108  8:53  Marauder  
  108  8:55  Marine x2  
  110  8:56  Marine  
  110  8:58  Marine, Orbital Command  
  110  8:59  Marauder, Marine  
Tags
 
Add a new tag
Caveats
  • Supply blocks, unpowered buildings, or Contaminate may cause inaccurate times.
  • Supply counts are checked every 10 seconds.